%YAML 1.1
%TAG !u! tag:unity3d.com,2011:
--- !u!1 &5269654514791963608
GameObject:
  m_ObjectHideFlags: 0
  m_CorrespondingSourceObject: {fileID: 0}
  m_PrefabInstance: {fileID: 0}
  m_PrefabAsset: {fileID: 0}
  serializedVersion: 6
  m_Component:
  - component: {fileID: 8716587180357524546}
  m_Layer: 6
  m_Name: roof 2x2 ready
  m_TagString: Untagged
  m_Icon: {fileID: 0}
  m_NavMeshLayer: 0
  m_StaticEditorFlags: 0
  m_IsActive: 1
--- !u!4 &8716587180357524546
Transform:
  m_ObjectHideFlags: 0
  m_CorrespondingSourceObject: {fileID: 0}
  m_PrefabInstance: {fileID: 0}
  m_PrefabAsset: {fileID: 0}
  m_GameObject: {fileID: 5269654514791963608}
  m_LocalRotation: {x: 0, y: 0, z: 0, w: 1}
  m_LocalPosition: {x: -50.78227, y: 0, z: 21.252096}
  m_LocalScale: {x: 1, y: 1, z: 1}
  m_ConstrainProportionsScale: 0
  m_Children:
  - {fileID: 1896750787880716757}
  - {fileID: 8100623757337796524}
  m_Father: {fileID: 0}
  m_RootOrder: 0
  m_LocalEulerAnglesHint: {x: 0, y: 0, z: 0}
--- !u!1001 &2150510293026860606
PrefabInstance:
  m_ObjectHideFlags: 0
  serializedVersion: 2
  m_Modification:
    m_TransformParent: {fileID: 8716587180357524546}
    m_Modifications:
    - target: {fileID: -8679921383154817045, guid: 3376ab6611062084b914cb6c982fc293,
        type: 3}
      propertyPath: m_RootOrder
      value: 0
      objectReference: {fileID: 0}
    - target: {fileID: -8679921383154817045, guid: 3376ab6611062084b914cb6c982fc293,
        type: 3}
      propertyPath: m_LocalPosition.x
      value: 0
      objectReference: {fileID: 0}
    - target: {fileID: -8679921383154817045, guid: 3376ab6611062084b914cb6c982fc293,
        type: 3}
      propertyPath: m_LocalPosition.y
      value: 0
      objectReference: {fileID: 0}
    - target: {fileID: -8679921383154817045, guid: 3376ab6611062084b914cb6c982fc293,
        type: 3}
      propertyPath: m_LocalPosition.z
      value: 0
      objectReference: {fileID: 0}
    - target: {fileID: -8679921383154817045, guid: 3376ab6611062084b914cb6c982fc293,
        type: 3}
      propertyPath: m_LocalRotation.w
      value: 0.7071068
      objectReference: {fileID: 0}
    - target: {fileID: -8679921383154817045, guid: 3376ab6611062084b914cb6c982fc293,
        type: 3}
      propertyPath: m_LocalRotation.x
      value: -0
      objectReference: {fileID: 0}
    - target: {fileID: -8679921383154817045, guid: 3376ab6611062084b914cb6c982fc293,
        type: 3}
      propertyPath: m_LocalRotation.y
      value: 0.70710677
      objectReference: {fileID: 0}
    - target: {fileID: -8679921383154817045, guid: 3376ab6611062084b914cb6c982fc293,
        type: 3}
      propertyPath: m_LocalRotation.z
      value: -0
      objectReference: {fileID: 0}
    - target: {fileID: -8679921383154817045, guid: 3376ab6611062084b914cb6c982fc293,
        type: 3}
      propertyPath: m_LocalEulerAnglesHint.x
      value: 0
      objectReference: {fileID: 0}
    - target: {fileID: -8679921383154817045, guid: 3376ab6611062084b914cb6c982fc293,
        type: 3}
      propertyPath: m_LocalEulerAnglesHint.y
      value: 0
      objectReference: {fileID: 0}
    - target: {fileID: -8679921383154817045, guid: 3376ab6611062084b914cb6c982fc293,
        type: 3}
      propertyPath: m_LocalEulerAnglesHint.z
      value: 0
      objectReference: {fileID: 0}
    - target: {fileID: 919132149155446097, guid: 3376ab6611062084b914cb6c982fc293,
        type: 3}
      propertyPath: m_Name
      value: platform 2x2 roof
      objectReference: {fileID: 0}
    - target: {fileID: 919132149155446097, guid: 3376ab6611062084b914cb6c982fc293,
        type: 3}
      propertyPath: m_Layer
      value: 6
      objectReference: {fileID: 0}
    m_RemovedComponents: []
  m_SourcePrefab: {fileID: 100100000, guid: 3376ab6611062084b914cb6c982fc293, type: 3}
--- !u!1 &1232099975402541935 stripped
GameObject:
  m_CorrespondingSourceObject: {fileID: 919132149155446097, guid: 3376ab6611062084b914cb6c982fc293,
    type: 3}
  m_PrefabInstance: {fileID: 2150510293026860606}
  m_PrefabAsset: {fileID: 0}
--- !u!54 &1555910348
Rigidbody:
  m_ObjectHideFlags: 0
  m_CorrespondingSourceObject: {fileID: 0}
  m_PrefabInstance: {fileID: 0}
  m_PrefabAsset: {fileID: 0}
  m_GameObject: {fileID: 1232099975402541935}
  serializedVersion: 2
  m_Mass: 1
  m_Drag: 0
  m_AngularDrag: 0.05
  m_UseGravity: 1
  m_IsKinematic: 0
  m_Interpolate: 0
  m_Constraints: 122
  m_CollisionDetection: 0
--- !u!65 &1555910347
BoxCollider:
  m_ObjectHideFlags: 0
  m_CorrespondingSourceObject: {fileID: 0}
  m_PrefabInstance: {fileID: 0}
  m_PrefabAsset: {fileID: 0}
  m_GameObject: {fileID: 1232099975402541935}
  m_Material: {fileID: 0}
  m_IsTrigger: 0
  m_Enabled: 1
  serializedVersion: 2
  m_Size: {x: 5.1290073, y: 1.2840303, z: 5.117426}
  m_Center: {x: -0.00000035762787, y: 0.64201516, z: 0}
--- !u!114 &1555910346
MonoBehaviour:
  m_ObjectHideFlags: 0
  m_CorrespondingSourceObject: {fileID: 0}
  m_PrefabInstance: {fileID: 0}
  m_PrefabAsset: {fileID: 0}
  m_GameObject: {fileID: 1232099975402541935}
  m_Enabled: 1
  m_EditorHideFlags: 0
  m_Script: {fileID: 11500000, guid: 84acdbaca5b6447097feb36c07eef96b, type: 3}
  m_Name: 
  m_EditorClassIdentifier: 
  BuildPartLevel: 0
  HP: 100
  _objectToOff: {fileID: 0}
--- !u!4 &1896750787880716757 stripped
Transform:
  m_CorrespondingSourceObject: {fileID: -8679921383154817045, guid: 3376ab6611062084b914cb6c982fc293,
    type: 3}
  m_PrefabInstance: {fileID: 2150510293026860606}
  m_PrefabAsset: {fileID: 0}
--- !u!1001 &8638338521599899719
PrefabInstance:
  m_ObjectHideFlags: 0
  serializedVersion: 2
  m_Modification:
    m_TransformParent: {fileID: 8716587180357524546}
    m_Modifications:
    - target: {fileID: -8794334992972801586, guid: 9b62d18ce16645e42b15ccfce5a99c1f,
        type: 3}
      propertyPath: m_Layer
      value: 7
      objectReference: {fileID: 0}
    - target: {fileID: -8709206670294385730, guid: 9b62d18ce16645e42b15ccfce5a99c1f,
        type: 3}
      propertyPath: m_Layer
      value: 7
      objectReference: {fileID: 0}
    - target: {fileID: -8679921383154817045, guid: 9b62d18ce16645e42b15ccfce5a99c1f,
        type: 3}
      propertyPath: m_RootOrder
      value: 1
      objectReference: {fileID: 0}
    - target: {fileID: -8679921383154817045, guid: 9b62d18ce16645e42b15ccfce5a99c1f,
        type: 3}
      propertyPath: m_LocalPosition.x
      value: 0
      objectReference: {fileID: 0}
    - target: {fileID: -8679921383154817045, guid: 9b62d18ce16645e42b15ccfce5a99c1f,
        type: 3}
      propertyPath: m_LocalPosition.y
      value: 0
      objectReference: {fileID: 0}
    - target: {fileID: -8679921383154817045, guid: 9b62d18ce16645e42b15ccfce5a99c1f,
        type: 3}
      propertyPath: m_LocalPosition.z
      value: 0
      objectReference: {fileID: 0}
    - target: {fileID: -8679921383154817045, guid: 9b62d18ce16645e42b15ccfce5a99c1f,
        type: 3}
      propertyPath: m_LocalRotation.w
      value: 1
      objectReference: {fileID: 0}
    - target: {fileID: -8679921383154817045, guid: 9b62d18ce16645e42b15ccfce5a99c1f,
        type: 3}
      propertyPath: m_LocalRotation.x
      value: -0
      objectReference: {fileID: 0}
    - target: {fileID: -8679921383154817045, guid: 9b62d18ce16645e42b15ccfce5a99c1f,
        type: 3}
      propertyPath: m_LocalRotation.y
      value: -0
      objectReference: {fileID: 0}
    - target: {fileID: -8679921383154817045, guid: 9b62d18ce16645e42b15ccfce5a99c1f,
        type: 3}
      propertyPath: m_LocalRotation.z
      value: -0
      objectReference: {fileID: 0}
    - target: {fileID: -8679921383154817045, guid: 9b62d18ce16645e42b15ccfce5a99c1f,
        type: 3}
      propertyPath: m_LocalEulerAnglesHint.x
      value: 0
      objectReference: {fileID: 0}
    - target: {fileID: -8679921383154817045, guid: 9b62d18ce16645e42b15ccfce5a99c1f,
        type: 3}
      propertyPath: m_LocalEulerAnglesHint.y
      value: 0
      objectReference: {fileID: 0}
    - target: {fileID: -8679921383154817045, guid: 9b62d18ce16645e42b15ccfce5a99c1f,
        type: 3}
      propertyPath: m_LocalEulerAnglesHint.z
      value: 0
      objectReference: {fileID: 0}
    - target: {fileID: -7641112281811275123, guid: 9b62d18ce16645e42b15ccfce5a99c1f,
        type: 3}
      propertyPath: m_Layer
      value: 7
      objectReference: {fileID: 0}
    - target: {fileID: -6298116031666386159, guid: 9b62d18ce16645e42b15ccfce5a99c1f,
        type: 3}
      propertyPath: m_Layer
      value: 7
      objectReference: {fileID: 0}
    - target: {fileID: -5736256100077579110, guid: 9b62d18ce16645e42b15ccfce5a99c1f,
        type: 3}
      propertyPath: m_Layer
      value: 7
      objectReference: {fileID: 0}
    - target: {fileID: -4803313786901274001, guid: 9b62d18ce16645e42b15ccfce5a99c1f,
        type: 3}
      propertyPath: m_Layer
      value: 7
      objectReference: {fileID: 0}
    - target: {fileID: -1110857680109037467, guid: 9b62d18ce16645e42b15ccfce5a99c1f,
        type: 3}
      propertyPath: m_Layer
      value: 7
      objectReference: {fileID: 0}
    - target: {fileID: -405991277543513390, guid: 9b62d18ce16645e42b15ccfce5a99c1f,
        type: 3}
      propertyPath: m_Layer
      value: 7
      objectReference: {fileID: 0}
    - target: {fileID: 919132149155446097, guid: 9b62d18ce16645e42b15ccfce5a99c1f,
        type: 3}
      propertyPath: m_Name
      value: roof 2x2 destroyed
      objectReference: {fileID: 0}
    - target: {fileID: 919132149155446097, guid: 9b62d18ce16645e42b15ccfce5a99c1f,
        type: 3}
      propertyPath: m_Layer
      value: 7
      objectReference: {fileID: 0}
    - target: {fileID: 919132149155446097, guid: 9b62d18ce16645e42b15ccfce5a99c1f,
        type: 3}
      propertyPath: m_IsActive
      value: 0
      objectReference: {fileID: 0}
    - target: {fileID: 4796396862987946346, guid: 9b62d18ce16645e42b15ccfce5a99c1f,
        type: 3}
      propertyPath: m_Layer
      value: 7
      objectReference: {fileID: 0}
    - target: {fileID: 5085648109137502578, guid: 9b62d18ce16645e42b15ccfce5a99c1f,
        type: 3}
      propertyPath: m_Layer
      value: 7
      objectReference: {fileID: 0}
    m_RemovedComponents: []
  m_SourcePrefab: {fileID: 100100000, guid: 9b62d18ce16645e42b15ccfce5a99c1f, type: 3}
--- !u!1 &537331114534952994 stripped
GameObject:
  m_CorrespondingSourceObject: {fileID: -1110857680109037467, guid: 9b62d18ce16645e42b15ccfce5a99c1f,
    type: 3}
  m_PrefabInstance: {fileID: 8638338521599899719}
  m_PrefabAsset: {fileID: 0}
--- !u!54 &1598621124
Rigidbody:
  m_ObjectHideFlags: 0
  m_CorrespondingSourceObject: {fileID: 0}
  m_PrefabInstance: {fileID: 0}
  m_PrefabAsset: {fileID: 0}
  m_GameObject: {fileID: 537331114534952994}
  serializedVersion: 2
  m_Mass: 1
  m_Drag: 0
  m_AngularDrag: 0.05
  m_UseGravity: 1
  m_IsKinematic: 0
  m_Interpolate: 0
  m_Constraints: 0
  m_CollisionDetection: 0
--- !u!65 &1598621123
BoxCollider:
  m_ObjectHideFlags: 0
  m_CorrespondingSourceObject: {fileID: 0}
  m_PrefabInstance: {fileID: 0}
  m_PrefabAsset: {fileID: 0}
  m_GameObject: {fileID: 537331114534952994}
  m_Material: {fileID: 0}
  m_IsTrigger: 0
  m_Enabled: 1
  serializedVersion: 2
  m_Size: {x: 1.3039253, y: 0.863145, z: 1.7494065}
  m_Center: {x: 0.11547908, y: 0.1701991, z: -0.4083938}
--- !u!114 &1598621122
MonoBehaviour:
  m_ObjectHideFlags: 0
  m_CorrespondingSourceObject: {fileID: 0}
  m_PrefabInstance: {fileID: 0}
  m_PrefabAsset: {fileID: 0}
  m_GameObject: {fileID: 537331114534952994}
  m_Enabled: 1
  m_EditorHideFlags: 0
  m_Script: {fileID: 11500000, guid: c5ff0eb8410e400d8f069da1c3a35d6f, type: 3}
  m_Name: 
  m_EditorClassIdentifier: 
--- !u!1 &989712247491418773 stripped
GameObject:
  m_CorrespondingSourceObject: {fileID: -405991277543513390, guid: 9b62d18ce16645e42b15ccfce5a99c1f,
    type: 3}
  m_PrefabInstance: {fileID: 8638338521599899719}
  m_PrefabAsset: {fileID: 0}
--- !u!54 &547171776
Rigidbody:
  m_ObjectHideFlags: 0
  m_CorrespondingSourceObject: {fileID: 0}
  m_PrefabInstance: {fileID: 0}
  m_PrefabAsset: {fileID: 0}
  m_GameObject: {fileID: 989712247491418773}
  serializedVersion: 2
  m_Mass: 1
  m_Drag: 0
  m_AngularDrag: 0.05
  m_UseGravity: 1
  m_IsKinematic: 0
  m_Interpolate: 0
  m_Constraints: 0
  m_CollisionDetection: 0
--- !u!65 &547171775
BoxCollider:
  m_ObjectHideFlags: 0
  m_CorrespondingSourceObject: {fileID: 0}
  m_PrefabInstance: {fileID: 0}
  m_PrefabAsset: {fileID: 0}
  m_GameObject: {fileID: 989712247491418773}
  m_Material: {fileID: 0}
  m_IsTrigger: 0
  m_Enabled: 1
  serializedVersion: 2
  m_Size: {x: 1.0973688, y: 1.035956, z: 1.7258065}
  m_Center: {x: 0.062546805, y: 0.20115274, z: 0.15309718}
--- !u!114 &547171774
MonoBehaviour:
  m_ObjectHideFlags: 0
  m_CorrespondingSourceObject: {fileID: 0}
  m_PrefabInstance: {fileID: 0}
  m_PrefabAsset: {fileID: 0}
  m_GameObject: {fileID: 989712247491418773}
  m_Enabled: 1
  m_EditorHideFlags: 0
  m_Script: {fileID: 11500000, guid: c5ff0eb8410e400d8f069da1c3a35d6f, type: 3}
  m_Name: 
  m_EditorClassIdentifier: 
--- !u!1 &3562999438862440757 stripped
GameObject:
  m_CorrespondingSourceObject: {fileID: 5085648109137502578, guid: 9b62d18ce16645e42b15ccfce5a99c1f,
    type: 3}
  m_PrefabInstance: {fileID: 8638338521599899719}
  m_PrefabAsset: {fileID: 0}
--- !u!54 &1523059012
Rigidbody:
  m_ObjectHideFlags: 0
  m_CorrespondingSourceObject: {fileID: 0}
  m_PrefabInstance: {fileID: 0}
  m_PrefabAsset: {fileID: 0}
  m_GameObject: {fileID: 3562999438862440757}
  serializedVersion: 2
  m_Mass: 1
  m_Drag: 0
  m_AngularDrag: 0.05
  m_UseGravity: 1
  m_IsKinematic: 0
  m_Interpolate: 0
  m_Constraints: 0
  m_CollisionDetection: 0
--- !u!65 &1523059011
BoxCollider:
  m_ObjectHideFlags: 0
  m_CorrespondingSourceObject: {fileID: 0}
  m_PrefabInstance: {fileID: 0}
  m_PrefabAsset: {fileID: 0}
  m_GameObject: {fileID: 3562999438862440757}
  m_Material: {fileID: 0}
  m_IsTrigger: 0
  m_Enabled: 1
  serializedVersion: 2
  m_Size: {x: 0.8011415, y: 0.9944544, z: 0.59511304}
  m_Center: {x: -0.024710774, y: -0.04787439, z: 0.11575646}
--- !u!114 &1523059010
MonoBehaviour:
  m_ObjectHideFlags: 0
  m_CorrespondingSourceObject: {fileID: 0}
  m_PrefabInstance: {fileID: 0}
  m_PrefabAsset: {fileID: 0}
  m_GameObject: {fileID: 3562999438862440757}
  m_Enabled: 1
  m_EditorHideFlags: 0
  m_Script: {fileID: 11500000, guid: c5ff0eb8410e400d8f069da1c3a35d6f, type: 3}
  m_Name: 
  m_EditorClassIdentifier: 
--- !u!1 &3851055516943462701 stripped
GameObject:
  m_CorrespondingSourceObject: {fileID: 4796396862987946346, guid: 9b62d18ce16645e42b15ccfce5a99c1f,
    type: 3}
  m_PrefabInstance: {fileID: 8638338521599899719}
  m_PrefabAsset: {fileID: 0}
--- !u!54 &1300030264
Rigidbody:
  m_ObjectHideFlags: 0
  m_CorrespondingSourceObject: {fileID: 0}
  m_PrefabInstance: {fileID: 0}
  m_PrefabAsset: {fileID: 0}
  m_GameObject: {fileID: 3851055516943462701}
  serializedVersion: 2
  m_Mass: 1
  m_Drag: 0
  m_AngularDrag: 0.05
  m_UseGravity: 1
  m_IsKinematic: 0
  m_Interpolate: 0
  m_Constraints: 0
  m_CollisionDetection: 0
--- !u!65 &1300030263
BoxCollider:
  m_ObjectHideFlags: 0
  m_CorrespondingSourceObject: {fileID: 0}
  m_PrefabInstance: {fileID: 0}
  m_PrefabAsset: {fileID: 0}
  m_GameObject: {fileID: 3851055516943462701}
  m_Material: {fileID: 0}
  m_IsTrigger: 0
  m_Enabled: 1
  serializedVersion: 2
  m_Size: {x: 3.176604, y: 1.1886301, z: 2.7725117}
  m_Center: {x: 0.5800332, y: 0.16415802, z: 0.10528147}
--- !u!114 &1300030262
MonoBehaviour:
  m_ObjectHideFlags: 0
  m_CorrespondingSourceObject: {fileID: 0}
  m_PrefabInstance: {fileID: 0}
  m_PrefabAsset: {fileID: 0}
  m_GameObject: {fileID: 3851055516943462701}
  m_Enabled: 1
  m_EditorHideFlags: 0
  m_Script: {fileID: 11500000, guid: c5ff0eb8410e400d8f069da1c3a35d6f, type: 3}
  m_Name: 
  m_EditorClassIdentifier: 
--- !u!1 &5153580762728869085 stripped
GameObject:
  m_CorrespondingSourceObject: {fileID: -5736256100077579110, guid: 9b62d18ce16645e42b15ccfce5a99c1f,
    type: 3}
  m_PrefabInstance: {fileID: 8638338521599899719}
  m_PrefabAsset: {fileID: 0}
--- !u!54 &1555910361
Rigidbody:
  m_ObjectHideFlags: 0
  m_CorrespondingSourceObject: {fileID: 0}
  m_PrefabInstance: {fileID: 0}
  m_PrefabAsset: {fileID: 0}
  m_GameObject: {fileID: 5153580762728869085}
  serializedVersion: 2
  m_Mass: 1
  m_Drag: 0
  m_AngularDrag: 0.05
  m_UseGravity: 1
  m_IsKinematic: 0
  m_Interpolate: 0
  m_Constraints: 0
  m_CollisionDetection: 0
--- !u!65 &1555910360
BoxCollider:
  m_ObjectHideFlags: 0
  m_CorrespondingSourceObject: {fileID: 0}
  m_PrefabInstance: {fileID: 0}
  m_PrefabAsset: {fileID: 0}
  m_GameObject: {fileID: 5153580762728869085}
  m_Material: {fileID: 0}
  m_IsTrigger: 0
  m_Enabled: 1
  serializedVersion: 2
  m_Size: {x: 3.4998188, y: 1.2840303, z: 3.225747}
  m_Center: {x: -0.016040623, y: -0.07132703, z: 0.08914167}
--- !u!114 &1555910359
MonoBehaviour:
  m_ObjectHideFlags: 0
  m_CorrespondingSourceObject: {fileID: 0}
  m_PrefabInstance: {fileID: 0}
  m_PrefabAsset: {fileID: 0}
  m_GameObject: {fileID: 5153580762728869085}
  m_Enabled: 1
  m_EditorHideFlags: 0
  m_Script: {fileID: 11500000, guid: c5ff0eb8410e400d8f069da1c3a35d6f, type: 3}
  m_Name: 
  m_EditorClassIdentifier: 
--- !u!1 &5383693338661329448 stripped
GameObject:
  m_CorrespondingSourceObject: {fileID: -4803313786901274001, guid: 9b62d18ce16645e42b15ccfce5a99c1f,
    type: 3}
  m_PrefabInstance: {fileID: 8638338521599899719}
  m_PrefabAsset: {fileID: 0}
--- !u!54 &1014623961
Rigidbody:
  m_ObjectHideFlags: 0
  m_CorrespondingSourceObject: {fileID: 0}
  m_PrefabInstance: {fileID: 0}
  m_PrefabAsset: {fileID: 0}
  m_GameObject: {fileID: 5383693338661329448}
  serializedVersion: 2
  m_Mass: 1
  m_Drag: 0
  m_AngularDrag: 0.05
  m_UseGravity: 1
  m_IsKinematic: 0
  m_Interpolate: 0
  m_Constraints: 0
  m_CollisionDetection: 0
--- !u!65 &1014623960
BoxCollider:
  m_ObjectHideFlags: 0
  m_CorrespondingSourceObject: {fileID: 0}
  m_PrefabInstance: {fileID: 0}
  m_PrefabAsset: {fileID: 0}
  m_GameObject: {fileID: 5383693338661329448}
  m_Material: {fileID: 0}
  m_IsTrigger: 0
  m_Enabled: 1
  serializedVersion: 2
  m_Size: {x: 2.6166513, y: 0.5284638, z: 1.7052166}
  m_Center: {x: 0.112283945, y: -0.13347828, z: 0.27013505}
--- !u!114 &1014623959
MonoBehaviour:
  m_ObjectHideFlags: 0
  m_CorrespondingSourceObject: {fileID: 0}
  m_PrefabInstance: {fileID: 0}
  m_PrefabAsset: {fileID: 0}
  m_GameObject: {fileID: 5383693338661329448}
  m_Enabled: 1
  m_EditorHideFlags: 0
  m_Script: {fileID: 11500000, guid: c5ff0eb8410e400d8f069da1c3a35d6f, type: 3}
  m_Name: 
  m_EditorClassIdentifier: 
--- !u!1 &6879551658181653334 stripped
GameObject:
  m_CorrespondingSourceObject: {fileID: -6298116031666386159, guid: 9b62d18ce16645e42b15ccfce5a99c1f,
    type: 3}
  m_PrefabInstance: {fileID: 8638338521599899719}
  m_PrefabAsset: {fileID: 0}
--- !u!54 &160254929
Rigidbody:
  m_ObjectHideFlags: 0
  m_CorrespondingSourceObject: {fileID: 0}
  m_PrefabInstance: {fileID: 0}
  m_PrefabAsset: {fileID: 0}
  m_GameObject: {fileID: 6879551658181653334}
  serializedVersion: 2
  m_Mass: 1
  m_Drag: 0
  m_AngularDrag: 0.05
  m_UseGravity: 1
  m_IsKinematic: 0
  m_Interpolate: 0
  m_Constraints: 0
  m_CollisionDetection: 0
--- !u!65 &160254928
BoxCollider:
  m_ObjectHideFlags: 0
  m_CorrespondingSourceObject: {fileID: 0}
  m_PrefabInstance: {fileID: 0}
  m_PrefabAsset: {fileID: 0}
  m_GameObject: {fileID: 6879551658181653334}
  m_Material: {fileID: 0}
  m_IsTrigger: 0
  m_Enabled: 1
  serializedVersion: 2
  m_Size: {x: 1.1201128, y: 0.8415788, z: 1.0294529}
  m_Center: {x: -0.044210255, y: 0.16093305, z: -0.06500383}
--- !u!114 &160254927
MonoBehaviour:
  m_ObjectHideFlags: 0
  m_CorrespondingSourceObject: {fileID: 0}
  m_PrefabInstance: {fileID: 0}
  m_PrefabAsset: {fileID: 0}
  m_GameObject: {fileID: 6879551658181653334}
  m_Enabled: 1
  m_EditorHideFlags: 0
  m_Script: {fileID: 11500000, guid: c5ff0eb8410e400d8f069da1c3a35d6f, type: 3}
  m_Name: 
  m_EditorClassIdentifier: 
--- !u!1 &7067515346425170634 stripped
GameObject:
  m_CorrespondingSourceObject: {fileID: -7641112281811275123, guid: 9b62d18ce16645e42b15ccfce5a99c1f,
    type: 3}
  m_PrefabInstance: {fileID: 8638338521599899719}
  m_PrefabAsset: {fileID: 0}
--- !u!54 &875188159
Rigidbody:
  m_ObjectHideFlags: 0
  m_CorrespondingSourceObject: {fileID: 0}
  m_PrefabInstance: {fileID: 0}
  m_PrefabAsset: {fileID: 0}
  m_GameObject: {fileID: 7067515346425170634}
  serializedVersion: 2
  m_Mass: 1
  m_Drag: 0
  m_AngularDrag: 0.05
  m_UseGravity: 1
  m_IsKinematic: 0
  m_Interpolate: 0
  m_Constraints: 0
  m_CollisionDetection: 0
--- !u!65 &875188158
BoxCollider:
  m_ObjectHideFlags: 0
  m_CorrespondingSourceObject: {fileID: 0}
  m_PrefabInstance: {fileID: 0}
  m_PrefabAsset: {fileID: 0}
  m_GameObject: {fileID: 7067515346425170634}
  m_Material: {fileID: 0}
  m_IsTrigger: 0
  m_Enabled: 1
  serializedVersion: 2
  m_Size: {x: 2.362404, y: 1.1267866, z: 1.5153995}
  m_Center: {x: -0.3425773, y: 0.14989875, z: -0.043767482}
--- !u!114 &875188157
MonoBehaviour:
  m_ObjectHideFlags: 0
  m_CorrespondingSourceObject: {fileID: 0}
  m_PrefabInstance: {fileID: 0}
  m_PrefabAsset: {fileID: 0}
  m_GameObject: {fileID: 7067515346425170634}
  m_Enabled: 1
  m_EditorHideFlags: 0
  m_Script: {fileID: 11500000, guid: c5ff0eb8410e400d8f069da1c3a35d6f, type: 3}
  m_Name: 
  m_EditorClassIdentifier: 
--- !u!4 &8100623757337796524 stripped
Transform:
  m_CorrespondingSourceObject: {fileID: -8679921383154817045, guid: 9b62d18ce16645e42b15ccfce5a99c1f,
    type: 3}
  m_PrefabInstance: {fileID: 8638338521599899719}
  m_PrefabAsset: {fileID: 0}
--- !u!1 &8125379604109788153 stripped
GameObject:
  m_CorrespondingSourceObject: {fileID: -8709206670294385730, guid: 9b62d18ce16645e42b15ccfce5a99c1f,
    type: 3}
  m_PrefabInstance: {fileID: 8638338521599899719}
  m_PrefabAsset: {fileID: 0}
--- !u!54 &1555910364
Rigidbody:
  m_ObjectHideFlags: 0
  m_CorrespondingSourceObject: {fileID: 0}
  m_PrefabInstance: {fileID: 0}
  m_PrefabAsset: {fileID: 0}
  m_GameObject: {fileID: 8125379604109788153}
  serializedVersion: 2
  m_Mass: 1
  m_Drag: 0
  m_AngularDrag: 0.05
  m_UseGravity: 1
  m_IsKinematic: 0
  m_Interpolate: 0
  m_Constraints: 0
  m_CollisionDetection: 0
--- !u!65 &1555910363
BoxCollider:
  m_ObjectHideFlags: 0
  m_CorrespondingSourceObject: {fileID: 0}
  m_PrefabInstance: {fileID: 0}
  m_PrefabAsset: {fileID: 0}
  m_GameObject: {fileID: 8125379604109788153}
  m_Material: {fileID: 0}
  m_IsTrigger: 0
  m_Enabled: 1
  serializedVersion: 2
  m_Size: {x: 3.453419, y: 1.2840304, z: 2.434383}
  m_Center: {x: 0.67642915, y: 0.045398414, z: 0.18969208}
--- !u!114 &1555910362
MonoBehaviour:
  m_ObjectHideFlags: 0
  m_CorrespondingSourceObject: {fileID: 0}
  m_PrefabInstance: {fileID: 0}
  m_PrefabAsset: {fileID: 0}
  m_GameObject: {fileID: 8125379604109788153}
  m_Enabled: 1
  m_EditorHideFlags: 0
  m_Script: {fileID: 11500000, guid: c5ff0eb8410e400d8f069da1c3a35d6f, type: 3}
  m_Name: 
  m_EditorClassIdentifier: 
--- !u!1 &8220676758733152649 stripped
GameObject:
  m_CorrespondingSourceObject: {fileID: -8794334992972801586, guid: 9b62d18ce16645e42b15ccfce5a99c1f,
    type: 3}
  m_PrefabInstance: {fileID: 8638338521599899719}
  m_PrefabAsset: {fileID: 0}
--- !u!54 &376453745
Rigidbody:
  m_ObjectHideFlags: 0
  m_CorrespondingSourceObject: {fileID: 0}
  m_PrefabInstance: {fileID: 0}
  m_PrefabAsset: {fileID: 0}
  m_GameObject: {fileID: 8220676758733152649}
  serializedVersion: 2
  m_Mass: 1
  m_Drag: 0
  m_AngularDrag: 0.05
  m_UseGravity: 1
  m_IsKinematic: 0
  m_Interpolate: 0
  m_Constraints: 0
  m_CollisionDetection: 0
--- !u!65 &376453744
BoxCollider:
  m_ObjectHideFlags: 0
  m_CorrespondingSourceObject: {fileID: 0}
  m_PrefabInstance: {fileID: 0}
  m_PrefabAsset: {fileID: 0}
  m_GameObject: {fileID: 8220676758733152649}
  m_Material: {fileID: 0}
  m_IsTrigger: 0
  m_Enabled: 1
  serializedVersion: 2
  m_Size: {x: 2.0894544, y: 1.2840303, z: 3.3708277}
  m_Center: {x: -0.23004809, y: -0.041732073, z: -0.30970085}
--- !u!114 &376453743
MonoBehaviour:
  m_ObjectHideFlags: 0
  m_CorrespondingSourceObject: {fileID: 0}
  m_PrefabInstance: {fileID: 0}
  m_PrefabAsset: {fileID: 0}
  m_GameObject: {fileID: 8220676758733152649}
  m_Enabled: 1
  m_EditorHideFlags: 0
  m_Script: {fileID: 11500000, guid: c5ff0eb8410e400d8f069da1c3a35d6f, type: 3}
  m_Name: 
  m_EditorClassIdentifier: 
